 Dungeon Crawl Stone Soup version 0.19-a0-1899-g2d93087 (webtiles) character file.

34797 dobroeutro the Quickloader (level 14, -7/106 HPs)
             Began as a Formicid Hunter on Oct 19, 2016.
             Was the Champion of Okawaru.
             Mangled by a swamp worm (19 damage)
             ... on level 6 of the Lair of Beasts.
             The game lasted 00:46:18 (20671 turns).

dobroeutro the Quickloader (Formicid Hunter)       Turns: 20671, Time: 00:46:19

Health: -7/106     AC: 10    Str: 21      XL:     14   Next: 15%
Magic:  21/21      EV: 14    Int: 12      God:    Okawaru [******]
Gold:   1079       SH: 10    Dex: 13 (15) Spells: 0 memorised, 13 levels left

rFire  . . .     SeeInvis +     a - +2 hand crossbow (elec)
rCold  . . .     Gourm    .     P - +0 robe of a sewer {rPois MR++ Dex+4} (curse)
rNeg   + . .     Faith    .     N - +0 shield
rPois  +         Spirit   .     (helmet unavailable)
rElec  .         Reflect  .     G - +0 cloak
rCorr  +         Harm     .     R - +0 pair of gloves {archery}
MR     +++..     Clarity  +     e - +2 pair of boots of the Moon {rCorr Dex+2}
Stlth  ++........               c - amulet of magic regeneration
                                S - ring of positive energy
                                y - ring of flight

@: no status effects
A: permanent stasis, dig shafts and tunnels, four strong arms, antennae 3,
yellow scales 1, blurry vision 1, clarity, clumsy 1, deterioration 1, frail 1,
poison resistance
a: Dig, Shaft Self, Heroism, Finesse, Renounce Religion, Evoke Flight


You were on level 6 of the Lair of Beasts.
You worshipped Okawaru.
Okawaru was exalted by your worship.
You were not hungry.

You visited 3 branches of the dungeon, and saw 19 of its levels.

You collected 1079 gold pieces.

Inventory:

Hand Weapons
 a - a +2 hand crossbow of electrocution (weapon)
 r - a +1 short sword of draining
 Y - a +0 arbalest of velocity
Missiles
 w - 99 bolts (quivered)
Armour
 e - the +2 pair of boots of the Moon (worn) {rCorr Dex+2}
   (You acquired it on level 9 of the Dungeon)

   It affects your dexterity (+2).
   It protects you from acid and corrosion.
 G - a +0 cloak (worn)
 K - +0 steam dragon scales
 N - a +0 shield (worn)
 P - the cursed +0 robe of a sewer (worn) {rPois MR++ Dex+4}
   (You found it on level 1 of the Lair of Beasts)

   It affects your dexterity (+4).
   It protects you from poison.
   It affects your resistance to hostile enchantments.
   It has a curse placed upon it.
 R - a +0 pair of gloves of archery (worn)
Rods
 O - a +4 rod of ignition (10/10)
   (You found it on level 1 of the Lair of Beasts)
Jewellery
 b - an uncursed ring of stealth
 c - an amulet of magic regeneration (around neck)
 x - an uncursed ring of resist corrosion
 y - a ring of flight (left hand)
 S - a ring of positive energy (right hand)
Wands
 i - a wand of enslavement (11/24)
 n - a wand of disintegration (15/24)
 E - a wand of slowing (13/48)
 H - a wand of lightning (15/15)
 T - a wand of teleportation (3/9)
 U - a wand of flame (14/48)
 W - a wand of flame (28/48)
 X - a wand of lightning (6/15)
Scrolls
 g - 16 scrolls of identify
 o - 3 scrolls of magic mapping
 q - 6 scrolls of enchant armour
 u - 5 scrolls of remove curse
 C - a scroll of brand weapon
 D - 3 scrolls of enchant weapon
 L - 2 scrolls of fog
Potions
 d - a potion of agility
 j - 5 potions of berserk rage {unknown}
 k - 2 potions of beneficial mutation {unknown}
 l - 3 potions of flight {unknown}
 m - 2 potions of cancellation
 p - a potion of cure mutation {unknown}
 s - 3 potions of magic
 t - 2 potions of brilliance
 z - 2 potions of haste {unknown}
 B - 2 potions of invisibility {unknown}
 F - a potion of ambrosia {unknown}
 I - 3 potions of degeneration {unknown}
 J - 2 potions of lignification {unknown}
 V - a potion of might {unknown}
Comestibles
 h - 4 beef jerkies
 v - 6 meat rations
 A - a royal jelly
 M - 3 slices of pizza
 Q - 4 bread rations


   Skills:
 + Level 13.4 Fighting
 + Level 14.4 Crossbows
 - Level 6.2 Armour
 - Level 5.7 Dodging
 - Level 1.2 Stealth
 - Level 5.0 Shields
 + Level 10.6 Evocations


You had 13 spell levels left.
You didn't know any spells.

Dungeon Overview and Level Annotations

Branches:
Dungeon (12/15)            Temple (1/1) D:4            Lair (6/6) D:10
 Shoals (0/4) Lair:2        Snake (0/4) Lair:2          Orc (0/2) D:11
  Slime: Lair:5-6

Altars:
Ashenzari
Cheibriados
Dithmenos
Elyvilon
Fedhas
Gozag
Hepliaklqana
Kikubaaqudgha
Makhleb
Nemelex Xobeh
Okawaru
Qazlal
Ru
Sif Muna
Trog
Uskayaw
Vehumet
Xom
Yredelemnul
Zin
The Shining One

Shops:
D:4 %

Annotations:
D:11 2 exclusions, dobroeutro's ghost, journeyman FoHu
Lair:1 Erica
Lair:5 3 exclusions


Innate Abilities, Weirdness & Mutations

You are under a permanent stasis effect.
You can dig through walls and to a lower floor.
Your four strong arms can wield two-handed weapons with a shield.
You have a pair of large antennae on your head. (SInv)
You are partially covered in yellow scales. (AC +2)
Scrolls take you a little longer to read.
You possess an exceptional clarity of mind.
You are clumsy. (Dex -2)
Your body sometimes deteriorates upon taking damage.
You are frail. (-10% HP)
Your system is resistant to poisons. (rPois)


Message History

Okay, then.
Really read with blurry vision while enemies are nearby?
Okay, then.
There is a stone staircase leading down here.
Press: ? - help, v - describe, . - travel
Here: a swamp worm (heavily wounded)
The floor.
You block the swamp worm's attack.
You climb downwards.
Beware, you cannot shaft yourself on this level.
A crocodile comes into view.
Found a potion of heal wounds.
There is a stone staircase leading up here.
Firing (i - inventory):
w - 100 bolts (quivered)
Press: ? - help, Shift-Dir - straight line, f - swamp worm
Aim: a swamp worm (heavily wounded)
You shoot a bolt. The bolt hits the swamp worm.
The swamp worm is heavily wounded.
The swamp worm closely misses you. The swamp worm bites you!!
You die...

..t.
#... #
#...###.
#.....#
#.!...##
.....#
#...#
#@# #Pw#
#P..
#...#
#...#
#..#. {
.....
......


You could see a swamp worm and a crocodile (sleeping).

Vanquished Creatures
  Gastronok (Lair:2)
  Kirke (Lair:4)
  A catoblepas (Lair:2)
  4 hydras
  Nergalle (Lair:4)
  6 skeletal warriors (D:11)
  An unseen horror (D:10)
  4 hill giants
  An ugly thing (D:11)
  A cyclops (D:9)
  A manticore (D:11)
  Maurice (D:8)
  3 black mambas
  2 sirens (Lair:2)
  A gargoyle (D:12)
  9 spiny frogs
  3 komodo dragons
  A troll (D:9)
  A merfolk (Lair:2)
  3 blink frogs
  Prince Ribbit (D:6)
  5 hippogriffs
  2 wraiths
  2 hogs (Lair:4)
  11 yaks
  A wyvern (D:12)
  A basilisk (Lair:4)
  Eustachio (D:6)
  3 steam dragons
  A hungry ghost (D:9)
  3 swamp worms (Lair:5)
  3 nagas (Lair:2)
  A soldier ant (D:10)
  8 water moccasins
  4 orc warriors
  3 porcupines
  An ice beast (D:5)
  3 eyes of draining
  3 phantoms
  8 necrophages
  3 sky beasts
  A black bear (D:10)
  4 ogres
  3 wolves (Lair:3)
  4 centaurs
  10 crocodiles
  3 big kobolds
  11 bullfrogs
  A gnoll sergeant (D:4)
  A water moccasin zombie (D:7)
  3 scorpions
  16 killer bees
  11 wights
  4 electric eels
  A bullfrog zombie (D:5)
  3 crimson imps
  2 centaur zombies
  3 quasits
  4 bullfrog skeletons
  9 orc priests
  10 hounds
  9 orc wizards
  A jelly (D:8)
  2 centaur skeletons (D:11)
  8 worker ants
  A hound skeleton (D:7)
  A worker ant zombie (D:11)
  2 howler monkey zombies
  12 gnolls
  A howler monkey skeleton (D:4)
  12 adders
  3 shadow imps
  An ooze (D:3)
  An adder skeleton (D:9)
  7 worms
  3 dart slugs
  7 leopard geckos
  33 orcs
  3 giant cockroaches
  5 goblins
  7 hobgoblins
  9 jackals
  A quokka (D:5)
  A ball python (D:2)
  10 bats
  6 frilled lizards
  A jackal skeleton (D:6)
  24 kobolds
  2 quokka zombies
  3 rats (D:1)
  2 fungi
  2 plants
398 creatures vanquished.

Vanquished Creatures (others)
  A human (Lair:4)
  3 fungi
  6 plants
10 creatures vanquished.

Grand Total: 408 creatures vanquished

Notes
Turn   | Place    | Note
-------+----------+-------------------------------------------
     0 | D:1      | dobroeutro the Formicid Hunter began the quest for the Orb.
     0 | D:1      | Reached XP level 1. HP: 16/16 MP: 1/1
   178 | D:1      | Reached XP level 2. HP: 19/23 MP: 2/2
   525 | D:1      | Reached XP level 3. HP: 22/28 MP: 3/3
  1272 | D:2      | Reached XP level 4. HP: 33/35 MP: 4/4
  1302 | D:2      | Reached skill level 5 in Crossbows
  1768 | D:3      | Reached XP level 5. HP: 40/42 MP: 5/5
  1780 | D:3      | Found a shattered altar of Ashenzari.
  1793 | D:3      | Found a stormy altar of Qazlal.
  2426 | D:4      | Found Mitanofa's Food Shop.
  2616 | D:4      | Found a staircase to the Ecumenical Temple.
  2654 | D:3      | Reached XP level 6. HP: 22/48 MP: 6/6
  2827 | D:4      | Reached skill level 6 in Crossbows
  3442 | D:4      | Noticed an ogre
  3564 | D:4      | Killed an ogre
  3564 | D:4      | Reached skill level 5 in Fighting
  3564 | D:4      | Reached XP level 7. HP: 24/56 MP: 7/7
  3775 | Temple   | Entered the Ecumenical Temple
  3975 | D:4      | Found an ancient bone altar of Kikubaaqudgha.
  3975 | D:4      | Found a deep blue altar of Sif Muna.
  3976 | D:4      | Found a radiant altar of Vehumet.
  3978 | D:4      | Identified Kikubaaqudgha's Disquisition on Darkness
  4112 | D:4      | Found a shimmering altar of Xom.
  4113 | D:4      | Found a burning altar of Makhleb.
  4169 | D:4      | HP: 2/56 [poisoned by a crimson imp]
  4176 | D:4      | HP: 1/56 [poisoned by a crimson imp]
  4184 | D:4      | HP: 1/56 [poisoned by a crimson imp]
  4580 | D:4      | Reached skill level 7 in Crossbows
  4678 | D:5      | Entered Level 5 of the Dungeon
  5565 | D:5      | Reached XP level 8. HP: 29/64 MP: 8/8
  5747 | D:5      | Reached skill level 8 in Crossbows
  6280 | D:5      | Found a white marble altar of Elyvilon.
  6282 | D:5      | Found a bloodstained altar of Trog.
  6282 | D:5      | Found a sacrificial altar of Ru.
  6676 | D:6      | Noticed Prince Ribbit
  6686 | D:6      | Killed Prince Ribbit
  6686 | D:6      | Reached skill level 9 in Crossbows
  6892 | D:6      | Noticed Eustachio
  6895 | D:6      | Killed Eustachio
  6895 | D:6      | Reached XP level 9. HP: 71/72 MP: 9/9
  7861 | D:7      | Reached skill level 10 in Crossbows
  8436 | D:7      | Reached skill level 11 in Crossbows
  8835 | D:8      | Reached skill level 1 in Armour
  8835 | D:8      | Reached XP level 10. HP: 82/82 MP: 10/10
  9003 | D:8      | Noticed a dagger
  9004 | D:8      | Found a hide-covered altar of Uskayaw.
  9004 | D:8      | Noticed a hand axe
  9135 | D:8      | Noticed a hill giant
  9142 | D:8      | Killed a hill giant
  9163 | D:8      | Found an opulent altar of Gozag.
  9333 | D:8      | Noticed Maurice
  9338 | D:8      | Killed Maurice
  9859 | D:9      | Identified a scroll of acquirement
  9862 | D:9      | Got a pair of heavily runed boots
  9868 | D:9      | Identified the +2 pair of boots of the Moon {rCorr Dex+2} (You acquired it on level 9 of the Dungeon)
  9896 | D:9      | Noticed a cyclops
  9938 | D:9      | Killed a cyclops
 10275 | D:9      | Reached XP level 11. HP: 46/90 MP: 11/11
 10674 | D:9      | Found a sparkling altar of Nemelex Xobeh.
 10681 | D:9      | Found an iron altar of Okawaru.
 10685 | D:9      | Became a worshipper of Warmaster Okawaru
 10843 | D:10     | Entered Level 10 of the Dungeon
 10851 | D:10     | Reached skill level 10 in Fighting
 10869 | D:9      | Reached skill level 5 in Armour
 10875 | D:9      | HP: 4/90 [komodo dragon (21)]
 11226 | D:8      | Reached skill level 12 in Crossbows
 11252 | D:9      | Reached skill level 5 in Dodging
 11333 | D:9      | Gained mutation: You possess an exceptional clarity of mind. [mutagenic meat]
 11336 | D:9      | Gained mutation: You are clumsy. (Dex -2) [mutagenic meat]
 11339 | D:9      | Lost mutation: You are clumsy. (Dex -2) [mutagenic meat]
 11342 | D:9      | Gained mutation: You are clumsy. (Dex -2) [mutagenic meat]
 11345 | D:9      | Gained mutation: You are partially covered in yellow scales. (AC +2) [mutagenic meat]
 11398 | D:10     | Noticed a hill giant
 11442 | D:10     | Killed a hill giant
 11442 | D:10     | Reached * piety under Okawaru
 11463 | D:10     | Found a staircase to the Lair.
 11842 | D:10     | Noticed an unseen horror
 11847 | D:10     | Killed an unseen horror
 11847 | D:10     | Reached ** piety under Okawaru
 12187 | D:11     | Reached skill level 1 in Shields
 12302 | D:11     | Noticed dobroeutro's ghost (journeyman FoHu)
 12528 | D:11     | Noticed a manticore
 12535 | D:11     | Killed a manticore
 12542 | D:11     | Noticed a brown ugly thing
 12558 | D:11     | Killed a brown ugly thing
 12831 | D:11     | Noticed a skeletal warrior
 12833 | D:11     | Noticed a skeletal warrior
 12836 | D:11     | Noticed a skeletal warrior
 12837 | D:11     | Noticed a skeletal warrior
 12841 | D:11     | Reached *** piety under Okawaru
 13051 | Lair:1   | Entered Level 1 of the Lair of Beasts
 13141 | Lair:1   | Reached XP level 12. HP: 31/100 MP: 12/12
 13202 | Lair:1   | HP: 4/100 [spiny frog (3)]
 13658 | Lair:1   | Identified a +4 rod of ignition (10/10) (You found it on level 1 of the Lair of Beasts)
 13790 | Lair:1   | Noticed Erica
 13844 | Lair:1   | Noticed Gastronok
 13892 | Lair:1   | Reached skill level 1 in Evocations
 14523 | Lair:1   | Got an ominously black robe
 14534 | Lair:1   | Identified the cursed +0 robe of a sewer {rPois MR++ Dex+4} (You found it on level 1 of the Lair of Beasts)
 14862 | Lair:1   | Received a gift from Okawaru
 15190 | Lair:2   | Reached skill level 5 in Shields
 15202 | Lair:2   | Found a staircase to the Shoals.
 15207 | Lair:2   | Reached **** piety under Okawaru
 15207 | Lair:2   | Received a gift from Okawaru
 15229 | Lair:2   | Reached skill level 13 in Crossbows
 15351 | Lair:2   | Killed Gastronok
 15351 | Lair:2   | Received a gift from Okawaru
 15351 | Lair:2   | Reached skill level 5 in Evocations
 15386 | Lair:2   | Found a staircase to the Snake Pit.
 15534 | Lair:2   | Reached ***** piety under Okawaru
 15808 | Lair:2   | Noticed a catoblepas
 15815 | Lair:2   | Killed a catoblepas
 15815 | Lair:2   | Received a gift from Okawaru
 15986 | D:11     | Noticed a skeletal warrior
 15993 | D:11     | Killed a skeletal warrior
 16018 | D:11     | Noticed a six-headed hydra
 16022 | D:11     | Killed a six-headed hydra
 16022 | D:11     | Reached XP level 13. HP: 68/108 MP: 18/18
 16111 | D:11     | HP: 5/108 [dobroeutro's ghost (3)]
 16676 | D:11     | Found a staircase to the Orcish Mines.
 16951 | D:11     | Gained mutation: You are frail. (-10% HP) [mutagenic meat]
 16954 | D:11     | Gained mutation: Your system is resistant to poisons. (rPois) [mutagenic meat]
 16957 | D:11     | Gained mutation: Scrolls take you a little longer to read. [mutagenic meat]
 16963 | D:11     | Gained mutation: Your body sometimes deteriorates upon taking damage. [mutagenic meat]
 17293 | D:12     | Received a gift from Okawaru
 18073 | Lair:3   | Noticed a four-headed hydra
 18079 | Lair:3   | Killed a four-headed hydra
 18079 | Lair:3   | Received a gift from Okawaru
 18670 | Lair:4   | Reached skill level 14 in Crossbows
 18714 | Lair:4   | Noticed Nergalle
 18717 | Lair:4   | Killed Nergalle
 18717 | Lair:4   | Received a gift from Okawaru
 18805 | Lair:4   | Noticed a four-headed hydra
 18809 | Lair:4   | Killed a four-headed hydra
 19027 | Lair:4   | Reached skill level 10 in Evocations
 19159 | Lair:4   | Noticed Kirke
 19177 | Lair:4   | Killed Kirke
 19177 | Lair:4   | Reached XP level 14. HP: 68/106 MP: 21/21
 19447 | Lair:4   | Reached ****** piety under Okawaru
 20118 | Lair:5   | HP: 1/106 [swamp worm (12)]
 20670 | Lair:6   | Entered Level 6 of the Lair of Beasts
 20671 | Lair:6   | Mangled by a swamp worm

Vault maps used:
D:1:      wheals_arrival_linesprint
D:2:      cheibrodos_helix_gallery
D:3:      ashenzari_conservatory_becter, grunt_qazlal_sundering
D:4:      grunt_temple_overflow_magic_moments,
          grunt_temple_overflow_champion_of_chaos, serial_shops, shop,
          first_bread, kennysheep_generic_room_5
D:5:      grunt_temple_overflow_diamond
D:6:      grunt_decor_resistance, uniq_prince_ribbit1, uniq_eustachio
D:8:      dancing_weapons_uskayaw, grunt_gozag_breadcrumbs, uniq_maurice
D:9:      kennysheep_steamy, amethyst_overflow_temple_binary
D:10:     dpeg_lair_monsters
D:11:     cheibrodos_frozen_isle, orc_0_dummy
D:12:     serial_bayou, serial_bayou_shore_b, serial_bayou_ford_a,
          serial_bayou_shore_b, serial_bayou_shore_b
Temple:   nicolae_temple_figure_zero
Lair:1:   uniq_gastronok, uniq_erica
Lair:2:   elwin_shoals_entry_rooms, guppyfry_snake_entry_garden
Lair:3:   serial_bayou_shore_a, grunt_megastairs_1, lemuel_fruit_fields
Lair:4:   statuecave_lemuel, roderic_carrion_pond, infiniplex_staircase_pool_2,
          uniq_nergalle, uniq_kirke
Lair:5:   worms_lemuel
Lair:6:   hangedman_lair_tendril_chambers, slime_altar_1

Skill      XL: |  1  2  3  4  5  6  7  8  9 10 11 12 13 |
---------------+----------------------------------------+-----
Fighting       | 3 4 5 7 8 9 11 12 13 | 13.4
Crossbows      | 5 6 7 9 11 12 13 14 | 14.4
Dodging        | 2 4 5 |  5.7
Armour         | 1 4 6 |  6.2
Shields        | 3 5 |  5.0
Evocations     | 7 10 | 10.6
Stealth        | |  1.2

Action                   |  1- 3 |  4- 6 |  7- 9 | 10-12 | 13-15 || total
-------------------------+-------+-------+-------+-------+-------++-------
Melee: Short sword       |     9 |   162 |   236 |   174 |    29 ||   610
 Fire: Hand crossbow     |    67 |    27 |   204 |   537 |   323 ||  1158
Invok: Heroism           |       |       |       |     1 |       ||     1
 Abil: Dig               |       |     2 |       |     9 |     6 ||    17
       Evoke Flight      |       |       |       |       |     3 ||     3
Evoke: Rod               |       |       |       |    13 |     4 ||    17
  Use: Scroll            |     6 |     3 |     3 |     7 |     2 ||    21
       Potion            |       |       |       |     4 |     5 ||     9
 Stab: Sleeping          |       |     4 |     1 |     1 |       ||     6
  Eat: Chunk             |       |     8 |     8 |    17 |     5 ||    38
       Bread ration      |       |       |     2 |     4 |     2 ||     8
       Fruit             |       |       |       |       |    12 ||    12
Armor: Leather armour    |    15 |    45 |    98 |     2 |       ||   160
       Robe              |       |       |       |    14 |    13 ||    27
       Steam dragon scal |       |       |       |   136 |       ||   136
Dodge: Dodged            |    22 |   112 |   184 |   235 |    43 ||   596
Block: Shield            |       |       |       |   122 |    46 ||   168
